 Dungeon Crawl Stone Soup version 0.25-a0-341-g6f074c887a (webtiles) character file.

Game seed: 10910563137191150765, levelgen mode: deterministic

8 Aggronaut the Charlatan (level 2, -1/17 HPs)
             Began as a Gargoyle Artificer on Dec 30, 2019.
             Slain by a hobgoblin
             ... wielding a +0 club
              (4 damage)
             ... on level 1 of the Dungeon.
             The game lasted 00:00:49 (186 turns).

Aggronaut the Charlatan (Gargoyle Artificer)         Turns: 186, Time: 00:00:49

Health: -1/17      AC:  5    Str: 15    XL:     2   Next: 8%
Magic:  4/4        EV: 11    Int: 11    God:
Gold:   0          SH:  0    Dex: 10    Spells: 1/1 levels left

rFire    . . .     SeeInvis .   a - +0 short sword
rCold    . . .     Gourm    .   (no shield)
rNeg     + . .     Faith    .   b - +0 leather armour
rPois    ∞         Spirit   .   (no helmet)
rElec    +         Reflect  .   (no cloak)
rCorr    .         Harm     .   (no gloves)
MR       .....                  (no boots)
Stlth    +.........             (no amulet)
HPRegen  0.05/turn              (no ring)
MPRegen  0.09/turn              (no ring)

@: no status effects
A: negative energy resistance 1, electricity resistance, unbreathing,
petrification resistance, rot immunity, AC +2
a: no special abilities


You were on level 1 of the Dungeon.
You were not hungry.

You visited 1 branch of the dungeon, and saw 1 of its levels.

Inventory:

Hand Weapons
 a - a +0 short sword (weapon)
Armour
 b - a +0 leather armour (worn)
Wands
 c - a wand of flame (15)
 d - a wand of enslavement (15)
 e - a wand of random effects (15)
Scrolls
 g - a scroll of teleportation {unknown}
Comestibles
 f - a ration


   Skills:
 + Level 2.1 Fighting
 - Level 1.1 Short Blades
 - Level 1.5 Dodging
 - Level 1.1 Stealth
 - Level 2.6 Evocations


You had one spell level left.
You didn't know any spells.
Your spell library was empty.

Dungeon Overview and Level Annotations

Branches:
Dungeon (1/15)

Altars:


Innate Abilities, Weirdness & Mutations

You are resistant to torment.
Your stone body is resilient. (AC +2)
You are immune to poison.
You resist negative energy. (rN+)
You are resistant to electric shocks. (rElec)
You can survive without breathing.
You are immune to petrification.
You are immune to rotting.


Message History

You kill the leopard gecko!
Your Fighting skill increases to level 2!
You have reached level 2!
The leopard gecko closely misses you. The hobgoblin barely misses you.
You hit the leopard gecko but do no damage.
The leopard gecko misses you. The kobold hits you with a +0 club.
The hobgoblin barely misses you. The leopard gecko bites you.
You hit the kobold.
The kobold is moderately wounded.
The kobold hits you but does no damage. The leopard gecko barely misses you.
The hobgoblin hits you with a +0 club.
You barely miss the leopard gecko.
A rat comes into view.
The leopard gecko bites you. The kobold hits you with a +0 club.
* * * LOW HITPOINT WARNING * * *
A goblin comes into view. It is wielding a +0 dagger.
You hit the hobgoblin.
The hobgoblin is heavily wounded.
The hobgoblin hits you with a +0 club.
You die...

#.#######
#........
###
#.#######
.... #.#
...(.##.#
#....##
#...#...#
##. #.#g#
# #.#@#
.#l#K#
...g r..
.#r#.
.#?#
.g....
.....
.#.# #.
.# #.#
... .# ##
.# .. . .


You could see a leopard gecko, 2 hobgoblins, a goblin, a kobold and 2 rats.

Vanquished Creatures
  A leopard gecko (D:1)
  A goblin (D:1)
  A hobgoblin (D:1)
  A ball python (D:1)
  2 bats (D:1)
  A frilled lizard (D:1)
  A kobold (D:1)
8 creatures vanquished.

Notes
Turn   | Place    | Note
-------+----------+-------------------------------------------
     0 | D:1      | Aggronaut the Gargoyle Artificer began the quest for the
                  | Orb.
     0 | D:1      | Reached XP level 1. HP: 12/12 MP: 2/2
    14 | D:1      | Reached skill level 1 in Short Blades
   182 | D:1      | Reached XP level 2. HP: 14/17 MP: 4/4
   186 | D:1      | Slain by a hobgoblin

Levels and vault maps discovered:
D:1:      lightli_arrival_chessboard, layout_loops_ring, st_stairs_13

Skill      XL: |  1 |
---------------+----+-----
Short Blades   | 1 |  1.1
Fighting       | 2 |  2.1
Dodging        | |  1.5
Stealth        | |  1.1
Evocations     | |  2.6

Action                   || total
-------------------------++-------
Melee: Short sword       ||    29
Armor: Leather armour    ||    20
Dodge: Dodged            ||    16

Table legend:
 A = Non-vault XP
 B = Vault XP
 C = Vault XP percentage of total XP
 D = Non-vault monster count
 E = Vault monster count
 F = Vault count percentage of total count
                 A         B        C        D         E       F
            +---------+---------+-------+---------+---------+-------
      Total |      10 |       2 |  16.7 |       6 |       2 |  25.0
            +---------+---------+-------+---------+---------+-------
        D:1 |      10 |       2 |  16.7 |       6 |       2 |  25.0
            +---------+---------+-------+---------+---------+-------
